 Dungeon Crawl Stone Soup version 0.21-a0-584-g185da8e (webtiles) character file.

3944 slep the Cleaver (level 10, 0/76 HPs)
             Began as a Demonspawn Gladiator on Dec 21, 2017.
             Was a Follower of Okawaru.
             Slain by an orc warrior
             ... wielding a +0 battleaxe
              (8 damage)
             ... on level 8 of the Dungeon.
             The game lasted 00:20:31 (5037 turns).

slep the Cleaver (Demonspawn Gladiator)             Turns: 5037, Time: 00:20:32

Health: 0/76       AC: 14    Str: 15    XL:     10   Next: 1%
Magic:  10/10      EV: 14    Int:  9    God:    Okawaru [*.....]
Gold:   181        SH:  0    Dex: 16    Spells: 9/9 levels left

rFire    . . .     SeeInvis .   a - +0 war axe
rCold    + . .     Gourm    .   (no shield)
rNeg     . . .     Faith    .   H - +3 ring mail "Laufipt" {rPois rC+ Dex-2}
rPois    +         Spirit   .   c - +0 helmet
rElec    .         Reflect  .   y - +0 cloak
rCorr    .         Harm     .   (no gloves)
MR       +....                  (no boots)
Stlth    +.........             (no amulet)
HPRegen  0.22/turn              g - ring of poison resistance (curse)
MPRegen  0.12/turn              n - ring of protection from magic

@: no status effects
A: talons 1, yellow scales 2, demonic guardian 1, spiny 1
a: Heroism, Renounce Religion


You were on level 8 of the Dungeon.
You worshipped Okawaru.
Okawaru was aware of your devotion.
You were not hungry.

You visited 2 branches of the dungeon, and saw 9 of its levels.
You also visited: Sewer.

You collected 277 gold pieces.
You spent 96 gold pieces at shops.

Inventory:

Hand Weapons
 a - a +0 war axe (weapon)
Missiles
 d - 6 throwing nets (quivered)
 C - 22 poisoned needles
Armour
 b - a +0 leather armour
 c - a +0 helmet (worn)
 k - a +1 ring mail of cold resistance
 o - a scarf of cloud immunity
 y - a +0 cloak (worn)
 H - the +3 ring mail "Laufipt" (worn) {rPois rC+ Dex-2}
   (You took it off a wight on level 7 of the Dungeon)

   It affects your dexterity (-2).
   It protects you from cold.
   It protects you from poison.
Jewellery
 g - a cursed ring of poison resistance (left hand)
 m - an uncursed ring of ice
 n - a ring of protection from magic (right hand)
 r - a +5 ring of protection
Wands
 s - a wand of iceblast (4)
Scrolls
 e - 4 scrolls of magic mapping {unknown}
 h - a scroll of random uselessness {unknown}
 i - 4 scrolls of remove curse {unknown}
 j - a scroll of blinking {unknown}
 l - 8 scrolls of identify {unknown}
 z - 2 scrolls of noise {unknown}
 A - a scroll of fog {unknown}
 B - 5 scrolls of teleportation {unknown}
 D - a scroll of summoning {unknown}
 I - a scroll of fear {unknown}
 K - a scroll of enchant armour {unknown}
Potions
 p - a potion of brilliance {unknown}
 q - 2 potions of heal wounds {unknown}
 t - 6 potions of curing
 u - a potion of berserk rage
 v - a potion of haste
 x - 4 potions of flight {unknown}
 E - 2 potions of might
 F - a potion of mutation {unknown}
 G - a potion of invisibility {unknown}
 M - a potion of degeneration {unknown}
 N - a potion of agility {unknown}
 O - a potion of resistance {unknown}
Books
 w - a book of Changes

   Spells                             Type                      Level
   a - Beastly Appendage              Transmutation                1
   b - Sticks to Snakes               Transmutation                2
   c - Spider Form                    Transmutation/Poison         3
   d - Ice Form                       Ice/Transmutation            4
   e - Blade Hands                    Transmutation                5
 J - a book of Frost

   Spells                             Type                      Level
   a - Freeze                         Ice                          1
   b - Throw Frost                    Conjuration/Ice              2
   c - Ozocubu's Armour               Charms/Ice                   3
   d - Throw Icicle                   Conjuration/Ice              4
   e - Summon Ice Beast               Ice/Summoning                4
Comestibles
 f - 16 rations
 L - 5 chunks of flesh


   Skills:
 + Level 5.8 Fighting
 + Level 9.9 Axes
 + Level 1.9 Throwing
 + Level 5.0 Armour
 + Level 5.8 Dodging
 + Level 2.0 Stealth


You had 9 spell levels left.
You didn't know any spells.

Dungeon Overview and Level Annotations

Branches:
Dungeon (8/15)             Temple (1/1) D:7
   Lair: D:8-11

Altars:
Dithmenos
Fedhas
Gozag
Kikubaaqudgha
Okawaru
Sif Muna
Trog
Vehumet
Wu Jian
Yredelemnul
The Shining One

Shops:
D:4 !


Innate Abilities, Weirdness & Mutations

You have sharp toenails.
You are mostly covered in yellow scales. (AC +3)
A weak demonic guardian rushes to your aid.
You are partially covered in sharp spines.


Message History

The orc warrior hits you with a battleaxe!
* * * LOW HITPOINT WARNING * * *
The orc warrior hits your ufetubus with a battleaxe!
Your ufetubus dies!
You barely miss the orc warrior.
The orc warrior hits you with a battleaxe!
* * * LOW HITPOINT WARNING * * *
You slash the orc warrior!
You claw the orc warrior, but do no damage.
The orc warrior is heavily wounded.
You hit the orc warrior.
You claw the orc warrior, but do no damage.
The orc warrior is heavily wounded.
The orc warrior is struck by your spines.
The orc warrior completely misses you.
You closely miss the orc warrior.
You claw the orc warrior, but do no damage.
The orc warrior is severely wounded.
The orc warrior hits you with a battleaxe!
You die...

#o## .##.# # #..#
.#.#.# #..# ...#.#
#..##.... #..#..# # ##
#.#..#.# # #$.
#..).#.##.#.
#..#####.#.........
#....@o.#(......?.
##...).##.....$...
##...##(..#.##.##
##.##.(..#.# # ##
###..#..#.# # #.
.......#.....##.#####.
########........##....
#.....### #....
##..#.#####....


You could see an orc warrior.

Vanquished Creatures
  2 hippogriffs (D:8)
  Menkaure (D:6)
  A sky beast (D:6)
  2 black bears
  An ice beast (D:5)
  2 phantoms
  7 ogres
  4 centaurs
  A big kobold (Sewer)
  A bullfrog (D:5)
  A scorpion (D:5)
  4 killer bees (D:8)
  3 wights (D:7)
  2 howler monkeys
  3 crimson imps
  A centaur zombie (D:6)
  4 orc wizards
  2 bullfrog skeletons
  4 hounds
  3 centaur skeletons
  2 gnoll shamans
  2 orc priests (D:6)
  5 iguanas
  7 worker ants
  A killer bee zombie (D:6)
  9 gnolls
  11 adders
  2 river rats (Sewer)
  3 oozes
  An adder zombie (D:8)
  A worm (D:6)
  4 dart slugs
  10 leopard geckos
  22 orcs
  9 giant cockroaches
  10 goblins
  A hobgoblin (D:2)
  13 jackals
  10 kobolds
  2 ball pythons
  A ball python zombie (D:5)
  8 bats
  2 frilled lizards
  A jackal skeleton (D:5)
  A jackal zombie (D:6)
  A leopard gecko skeleton (D:4)
  A quokka zombie (D:5)
  12 rats
201 creatures vanquished.

Vanquished Creatures (collateral kills)
  A hungry ghost (D:7)
  A black bear (D:7)
  A crimson imp (D:8)
  2 hounds (D:7)
  A bullfrog skeleton (D:8)
  An orc (D:8)
  A quokka skeleton (D:7)
8 creatures vanquished.

Grand Total: 209 creatures vanquished

Notes
Turn   | Place    | Note
-------+----------+-------------------------------------------
     0 | D:1      | slep the Demonspawn Gladiator began the quest for the Orb.
     0 | D:1      | Reached XP level 1. HP: 16/16 MP: 1/1
   173 | D:1      | Reached skill level 3 in Axes
   173 | D:1      | Gained mutation: You are partially covered in sharp spines. [demonic ancestry]
   173 | D:1      | Reached XP level 2. HP: 22/22 MP: 2/2
   695 | D:2      | Gained mutation: You are partially covered in yellow scales. (AC +2) [demonic ancestry]
   695 | D:2      | Reached XP level 3. HP: 23/27 MP: 3/3
   831 | D:2      | Reached XP level 4. HP: 32/34 MP: 4/4
  1090 | D:3      | Reached skill level 4 in Axes
  1165 | D:3      | Found an ornate altar of the Wu Jian Council.
  1371 | D:3      | Gained mutation: You are mostly covered in yellow scales. (AC +3) [demonic ancestry]
  1371 | D:3      | Reached XP level 5. HP: 34/39 MP: 5/5
  1716 | D:4      | Noticed an ogre
  1722 | D:4      | Killed an ogre
  1722 | D:4      | Reached skill level 1 in Armour
  1729 | D:4      | Found Doigan's Distillery.
  1734 | D:4      | Bought a potion of curing for 36 gold pieces
  1734 | D:4      | Bought a potion of berserk rage for 60 gold pieces
  1765 | D:4      | Reached XP level 6. HP: 45/46 MP: 6/6
  1806 | D:4      | Reached skill level 5 in Axes
  1917 | D:4      | Found a glowing drain.
  1931 | Sewer    | Entered a sewer
  2018 | Sewer    | Found a white marble altar of Elyvilon.
  2127 | D:4      | Reached XP level 7. HP: 52/52 MP: 7/7
  2239 | D:5      | Entered Level 5 of the Dungeon
  2380 | D:5      | Reached skill level 6 in Axes
  2559 | D:5      | Gained mutation: You have sharp toenails. [demonic ancestry]
  2559 | D:5      | Reached XP level 8. HP: 17/60 MP: 8/8
  2808 | D:5      | Found a shadowy altar of Dithmenos.
  2814 | D:5      | Reached skill level 7 in Axes
  2944 | D:6      | Reached skill level 1 in Stealth
  3174 | D:6      | Reached skill level 8 in Axes
  3409 | D:6      | Reached skill level 5 in Dodging
  3423 | D:6      | Gained mutation: A weak demonic guardian rushes to your aid. [demonic ancestry]
  3423 | D:6      | Reached XP level 9. HP: 59/66 MP: 9/9
  3528 | D:6      | Noticed Menkaure
  3534 | D:6      | Killed Menkaure
  4143 | D:7      | Reached skill level 5 in Fighting
  4193 | D:7      | Reached skill level 9 in Axes
  4258 | D:7      | Found a staircase to the Ecumenical Temple.
  4275 | Temple   | Entered the Ecumenical Temple
  4288 | Temple   | Became a worshipper of Warmaster Okawaru
  4329 | D:7      | Found a glowing golden altar of the Shining One.
  4329 | D:7      | Found a bloodstained altar of Trog.
  4331 | D:7      | Found a radiant altar of Vehumet.
  4333 | D:7      | Found a blossoming altar of Fedhas.
  4334 | D:7      | Found a basalt altar of Yredelemnul.
  4604 | D:7      | Got a shimmering ring mail
  4616 | D:7      | Identified the +3 ring mail "Laufipt" {rPois rC+ Dex-2} (You took it off a wight on level 7 of the Dungeon)
  4842 | D:8      | Reached * piety under Okawaru
  5019 | D:8      | Reached skill level 5 in Armour
  5019 | D:8      | Reached XP level 10. HP: 30/76 MP: 10/10
  5037 | D:8      | Slain by an orc warrior

Vault maps used:
D:1:      scummos_arrival_simple_fountains
D:2:      first_ration
D:3:      marbit_many_paths
D:4:      serial_shops, kennysheep_little_box, gup_sewer_entry_pipe
D:5:      grunt_dithmenos_smoke
D:6:      uniq_menkaure
D:7:      grunt_temple_overflow_open, temple_fountains, grunt_ogre_cave
D:8:      minmay_the_grid_octo_2x2, serial_shops, shop_coins,
          hangedman_abyss_or_decor_passed, st_stairs_9, uniq_psyche,
          uniq_maurice, uniq_erica
Temple:   eino_temple_scatter_basement
Sewer:    sewer_kobolds

Skill      XL: |  1  2  3  4  5  6  7  8  9 |
---------------+----------------------------+-----
Axes           | 3 4 5 6 8 9 |  9.9
Dodging        | 3 4 5 |  5.8
Armour         | 1 2 3 5 |  5.0
Fighting       | 3 4 5 |  5.8
Stealth        | 1 2 |  2.0
Throwing       | |  1.9

Action                   |  1- 3 |  4- 6 |  7- 9 | 10-12 || total
-------------------------+-------+-------+-------+-------++-------
Melee: War axe           |    66 |   106 |   292 |     7 ||   471
       Kick              |       |       |    74 |     4 ||    78
  Use: Potion            |       |     2 |       |       ||     2
 Stab: Sleeping          |     1 |       |     1 |       ||     2
       Distracted        |       |       |     1 |       ||     1
  Eat: Chunk             |       |     4 |    11 |       ||    15
Armor: Leather armour    |     7 |       |       |       ||     7
       Ring mail         |    14 |    48 |   145 |     1 ||   208
Dodge: Dodged            |    45 |    74 |   192 |     2 ||   313

Table legend:
 A = Spawn XP
 B = Non-spawn XP
 C = Spawn XP percentage of total XP
 D = Spawn monster count
 E = Non-spawn monster count
 F = Spawn count percentage of total count
 G = Total turns spent on level
                    A         B        C        D         E        F      G
               +---------+---------+-------+---------+---------+-------+---------
         Total |       0 |    5635 |   0.0 |       0 |     209 |   0.0 |  5037
               +---------+---------+-------+---------+---------+-------+---------
           D:1 |       0 |      25 |   0.0 |       0 |      13 |   0.0 |   551
           D:2 |       0 |      76 |   0.0 |       0 |      27 |   0.0 |   468
           D:3 |       0 |     125 |   0.0 |       0 |      30 |   0.0 |   697
           D:4 |       0 |     394 |   0.0 |       0 |      28 |   0.0 |   390
           D:5 |       0 |     956 |   0.0 |       0 |      18 |   0.0 |   691
           D:6 |       0 |    1408 |   0.0 |       0 |      32 |   0.0 |  1141
           D:7 |       0 |    1277 |   0.0 |       0 |      22 |   0.0 |   640
           D:8 |       0 |    1245 |   0.0 |       0 |      29 |   0.0 |   301
         Sewer |       0 |     129 |   0.0 |       0 |      10 |   0.0 |   133
               +---------+---------+-------+---------+---------+-------+---------
